 Dungeon Crawl Stone Soup version 0.21.1-1-g345015f (webtiles) character file.

92 diana the Insei (level 4, -2/35 HPs)
             Began as a Demonspawn Monk on May 31, 2018.
             Slain by a gnoll
             ... wielding a +0 halberd
              (11 damage)
             ... on level 2 of the Dungeon.
             The game lasted 00:03:57 (2234 turns).

diana the Insei (Demonspawn Monk)                   Turns: 2234, Time: 00:03:58

Health: -2/35      AC: 12    Str: 12    XL:     4   Next: 35%
Magic:  4/4        EV:  3    Int: 12    God:
Gold:   60         SH:  0    Dex: 15    Spells: 3/3 levels left

rFire    . . .     SeeInvis .     - Unarmed
rCold    . . .     Gourm    .   (no shield)
rNeg     . . .     Faith    .   c - +0 plate armour (curse)
rPois    .         Spirit   .   (no helmet)
rElec    .         Reflect  .   j - +1 cloak
rCorr    .         Harm     .   (no gloves)
MR       .....                  (no boots)
Stlth    ..........             (no amulet)
HPRegen  0.11/turn              d - ring of wizardry
MPRegen  0.09/turn              (no ring)

@: no status effects
A: hooves 1
a: no special abilities


You were on level 2 of the Dungeon.
You were not hungry.

You visited 1 branch of the dungeon, and saw 2 of its levels.

You collected 60 gold pieces.

Inventory:

Armour
 a - a +0 robe
 c - a cursed +0 plate armour (worn)
 j - a +1 cloak (worn)
Jewellery
 d - a ring of wizardry (left hand)
Scrolls
 e - 2 scrolls of remove curse {unknown}
 f - a scroll of teleportation {unknown}
 g - 2 scrolls of identify {unknown}
 h - a scroll of enchant weapon {unknown}
Potions
 i - 2 potions of curing
Comestibles
 b - 3 rations


   Skills:
 - Level 3.0 Fighting
 - Level 2.8 Dodging
 - Level 1.7 Stealth
 + Level 4.6 Unarmed Combat


You had 3 spell levels left.
You didn't know any spells.

Dungeon Overview and Level Annotations

Branches:
Dungeon (2/15)

Altars:


Innate Abilities, Weirdness & Mutations

You have large cloven feet.


Message History

You see here a whip.
You hit the gnoll but do no damage. Your kick misses the gnoll.
The gnoll is almost dead.
The gnoll hits you but does no damage.
The gnoll hits you from afar with a halberd.
Your plate armour prevents you from hitting the gnoll.
You kick the gnoll, but do no damage.
The gnoll is almost dead.
The gnoll hits you but does no damage.
You hit the gnoll.
You kill the gnoll!
The gnoll hits you from afar with a halberd.
* * * LOW HITPOINT WARNING * * *
The gnoll barely misses you.
Things that are here:
a flail; a chain mail You hit the gnoll but do no damage.
You kick the gnoll.
The gnoll is moderately wounded.
The gnoll hits you with a halberd!
You die...

.###.### .# #.#######.....
####...# ##.# #.##....#.....
..####.####..# #.##....#.....
#.......#)..##### #.##....†....[
#...............####.##....#.....
.........######.#..........#..[..
...................####....#.....
.........#######)#.###...........
.........### ###@#.#....)...##...
.......<...###..g....##gS..######
.........#<#...#...#####.###
....>........#.(..#####..#####
.........#.##..#.............##
.........#.##.##..............#
.........#.##.#..............$.#
...............................#
......................>........#


You could see a gnoll.

Vanquished Creatures
  2 gnolls (D:2)
  4 adders
  2 oozes
  4 bats
  A giant cockroach (D:2)
  A goblin (D:1)
  5 hobgoblins
  2 jackals (D:2)
  6 frilled lizards
  A kobold (D:2)
  5 rats
33 creatures vanquished.

Notes
Turn   | Place    | Note
-------+----------+-------------------------------------------
     0 | D:1      | diana the Demonspawn Monk began the quest for the Orb.
     0 | D:1      | Reached XP level 1. HP: 18/18 MP: 1/1
   426 | D:1      | Reached skill level 3 in Unarmed Combat
   430 | D:1      | Gained mutation: You have large cloven feet. [demonic ancestry]
   430 | D:1      | Reached XP level 2. HP: 22/24 MP: 2/2
   780 | D:1      | HP: 1/24 [poisoned by an adder]
  1162 | D:2      | Reached XP level 3. HP: 29/29 MP: 3/3
  1451 | D:2      | Reached skill level 4 in Unarmed Combat
  1889 | D:2      | Reached XP level 4. HP: 16/35 MP: 4/4
  2234 | D:2      | Slain by a gnoll

Skill      XL: |  1  2  3 |
---------------+----------+-----
Unarmed Combat | 3 4 |  4.6
Fighting       | |  3.0
Dodging        | |  2.8
Stealth        | |  1.7

Action                   |  1- 3 |  4- 6 || total
-------------------------+-------+-------++-------
Melee: Unarmed           |   113 |    15 ||   128
       Kick              |    24 |     7 ||    31
       Punch             |       |     1 ||     1
  Use: Potion            |     2 |       ||     2
  Eat: Chunk             |     2 |     2 ||     4
Armor: Robe              |     4 |       ||     4
       Plate armour      |    59 |     6 ||    65
Dodge: Dodged            |    69 |     2 ||    71
